 Dungeon Crawl Stone Soup version 0.29.0-4-gdea44cf6ec (webtiles) character file.

Game seed: 16509371626932712384

329 qw the Chopper (level 6, -2/38 HPs)
             Began as a Gargoyle Berserker on Sept 7, 2022.
             Was a Believer of Trog.
             Slain by a centaur (5 damage)
             ... on level 5 of the Dungeon.
             The game lasted 00:01:20 (4185 turns).

qw the Chopper (Gargoyle Berserker)                 Turns: 4185, Time: 00:01:20

Health: -2/38      AC: 15    Str: 22    XL:     6   Next: 50%
Magic:  6/6        EV:  6    Int:  8    God:    Trog [**....]
Gold:   89         SH:  0    Dex:  9    Spells: 5/5 levels left

rFire   . . .      SeeInvis .   Y - +0 war axe
rCold   . . .      Faith    .   (no shield)
rNeg    + . .      Spirit   .   f - +0 plate armour
rPois   inf        Reflect  .   (no helmet)
rElec   +          Harm     .   (no cloak)
rCorr   .          Rampage  .   (no gloves)
Will    +....                   (no boots)
Stlth   ..........              (no amulet)
HPRegen 0.12/turn               k - ring of willpower
MPRegen 0.10/turn               (no ring)

@: on berserk cooldown, slowed, very slow
A: sickness immunity, AC +4, negative energy resistance 1, electricity
resistance, torment resistance 1, petrification resistance
a: Renounce Religion, Berserk, Trog's Hand


You were on level 5 of the Dungeon.
You worshipped Trog.
Trog was pleased with you.
You visited 1 branch of the dungeon, and saw 5 of its levels.

You collected 89 gold pieces.


Innate Abilities, Weirdness & Mutations

You are immune to sickness and miasma.
Your stone body is resilient. (AC +4)
You are immune to poison.
You resist negative energy. (rN+)
You are resistant to electric shocks. (rElec)
You are resistant to unholy torment.
You are immune to petrification.


   Skills:
 - Level 4.1 Fighting
 + Level 5.8 Axes
 - Level 3.0 Armour
 - Level 1.5 Dodging


You had 5 spell levels left.
You didn't know any spells.
Your spell library was empty.

Inventory:

Hand Weapons
 c - a +0 flail
 Y - a +0 war axe (weapon)
Armour
 f - a +0 plate armour (worn)
Jewellery
 k - a ring of willpower (left hand)
Scrolls
 i - 4 scrolls of identify
Potions
 a - a potion of mutation
 b - a potion of invisibility {unknown}
 d - a potion of haste {unknown}
 g - a potion of cancellation {unknown}
 h - a potion of heal wounds {unknown}
 l - a potion of magic {unknown}
 n - a potion of resistance {unknown}

Dungeon Overview and Level Annotations

Branches:
Dungeon (5/15)
 Temple: D:4-7

Altars:
Nemelex Xobeh
Trog
Xom
The Shining One

Shops:
D:3 (


Message History

You hit the scorpion.
The scorpion is moderately wounded.
You slash the white imp!
The scorpion stings you but does no damage.
The white imp hits you but does no damage.
You slash the white imp!
You kill the white imp!
Trog accepts your kill.
You barely miss the scorpion. The scorpion barely misses you.
You closely miss the scorpion.
The scorpion is moderately wounded.
The scorpion stings you but does no damage.
You slash the scorpion!
You kill the scorpion!
Trog accepts your kill.
A centaur comes into view.
The centaur shouts!
The centaur wields a +0 shortbow.
The centaur shoots an arrow.
The arrow hits you!
You feel a strong urge to attack something.
The centaur shoots an arrow.
The arrow hits you.
Found a stone staircase leading down.
The centaur shoots an arrow.
The arrow hits you!
You hear a shout!
You feel your anger nearly subside.
You are no longer berserk.
You are exhausted.
You feel yourself slow down.
You hear a shout!
The centaur shoots an arrow.
The arrow barely misses you.
The centaur shoots an arrow.
The arrow hits you but does no damage.
An orc comes into view. It is wielding a +0 club.
An orc comes into view. It is wielding a +0 mace.
The orc shouts!
You hear a shout!
You barely miss the centaur.
The centaur unwields a +0 shortbow.
The centaur hits you but does no damage.
The centaur barely misses you. The centaur hits you.
The centaur barely misses you. The centaur hits you.
You die...

......... . o.......# ..
#......# ... ##.....#
###### ....##......#
#....# ............#.#.
#...._ #.............
##..## ##..c@..## #.....
#........#########..##
#..............##...._
#...........:...###..##
#>........%.....##.....
#...#............###..##
#..##.#####......##...._
#.. #. #......##8..8# #
##...........##


You could see a centaur and an orc.

Vanquished Creatures
  A scorpion (D:5)
  Natasha (thrice) (D:2)
  An orc wizard (D:3)
  A hound skeleton (D:2)
  4 adders
  A white imp (D:5)
  An ufetubus (D:5)
  2 adder zombies (D:2)
  3 adder skeletons (D:2)
  3 worms
  3 dart slugs
  2 orcs (D:3)
  6 ball pythons
  4 bats
  9 endoplasms
  3 giant cockroaches
  4 goblins
  4 hobgoblins
  4 jackals (D:3)
  5 quokkas
  2 ball python skeletons (D:2)
  A ball python zombie (D:2)
  2 frilled lizards (D:2)
  2 jackal skeletons (D:2)
  A jackal zombie (D:2)
  6 kobolds
  A quokka skeleton (D:2)
  4 rats
83 creatures vanquished.

Vanquished Creatures (others)
  2 withered plants (D:2)
2 creatures vanquished.

Grand Total: 85 creatures vanquished

Notes
Turn   | Place    | Note
-------+----------+-------------------------------------------
     0 | D:1      | qw the Gargoyle Berserker began the quest for the Orb.
     0 | D:1      | Reached XP level 1. HP: 14/14 MP: 1/1
     0 | D:1      | 0 ||| qw: Version: 0.1-a-108-g9e35731
     0 | D:1      | 0 ||| qw: Game counter: 6481
     0 | D:1      | 0 ||| qw: Always use a shield: true
     0 | D:1      | 0 ||| qw: Do Orc after D:15 true
     0 | D:1      | 0 ||| qw: Do second Lair branch before Depths: true
     0 | D:1      | 0 ||| qw: Lair rune preference: random
     0 | D:1      | 0 ||| qw: Plans: Normal
     0 | D:1      | 0 ||| PLANNING D:1-11
   211 | D:1      | Reached skill level 3 in Axes
   289 | D:1      | Reached XP level 2. HP: 17/19 MP: 2/2
   363 | D:1      | 363 ||| Stepping ~*~*~tactically~*~*~ (hiding).
  1084 | D:1      | Found a faded altar of an unknown god.
  1099 | D:1      | 1099 ||| UPGRADING to +0 plate armour.
  1109 | D:1      | 1109 ||| DROPPING +0 animal skin.
  1110 | D:1      | 1110 ||| READING scroll labelled BAUT UHOFFOVAA.
  1111 | D:1      | 1111 ||| READING 2 scrolls labelled ABAPRA DULONONT.
  1112 | D:1      | 1112 ||| READING scroll labelled OMOTIFRUSE.
  1113 | D:1      | 1113 ||| DRINKING 2 brown potions.
  1214 | D:1      | 1214 ||| DROPPING potion of ambrosia.
  1262 | D:2      | Reached XP level 3. HP: 23/23 MP: 3/3
  1266 | D:2      | 1266 ||| Stepping ~*~*~tactically~*~*~ (stealth).
  1269 | D:2      | 1269 ||| Stepping ~*~*~tactically~*~*~ (stealth).
  1397 | D:2      | 1397 ||| Stepping ~*~*~tactically~*~*~ (stealth).
  1398 | D:2      | 1398 ||| Stepping ~*~*~tactically~*~*~ (stealth).
  1409 | D:2      | 1409 ||| Stepping ~*~*~tactically~*~*~ (stealth).
  1413 | D:2      | Reached ** piety under Trog
  1434 | D:2      | Reached skill level 4 in Axes
  1550 | D:2      | Noticed Natasha
  1553 | D:2      | 1553 ||| INVOKING Berserk.
  1557 | D:2      | Killed Natasha
  1558 | D:2      | Reached XP level 4. HP: 28/28 MP: 4/4
  1814 | D:2      | Noticed Natasha
  1841 | D:2      | 1841 ||| INVOKING Berserk.
  1844 | D:2      | Killed Natasha
  1845 | D:2      | Reached skill level 5 in Axes
  1845 | D:2      | Reached XP level 5. HP: 32/32 MP: 5/5
  1989 | D:2      | Noticed Natasha
  1995 | D:2      | 1995 ||| INVOKING Berserk.
  1997 | D:2      | Killed Natasha
  1998 | D:2      | Reached skill level 3 in Armour
  2229 | D:2      | 2229 ||| DRINKING 2 orange potions.
  2230 | D:2      | 2230 ||| READING 2 scrolls of identify.
  2230 | D:2      | 2230 ||| IDENTIFYING murky clear potion
  2231 | D:2      | 2231 ||| DROPPING potion of attraction.
  2590 | D:3      | 2590 ||| SWAPPING to +0 war axe.
  2591 | D:3      | 2591 ||| DROPPING +0 spectral hand axe.
  2609 | D:3      | 2609 ||| Stepping ~*~*~tactically~*~*~ (stealth).
  2611 | D:3      | 2611 ||| Stepping ~*~*~tactically~*~*~ (stealth).
  2617 | D:3      | 2617 ||| Stepping ~*~*~tactically~*~*~ (hiding).
  2619 | D:3      | 2619 ||| Stepping ~*~*~tactically~*~*~ (hiding).
  2623 | D:3      | 2623 ||| INVOKING Berserk.
  2640 | D:3      | 2640 ||| Stepping ~*~*~tactically~*~*~ (stealth).
  2775 | D:3      | Reached XP level 6. HP: 38/38 MP: 6/6
  2811 | D:3      | Found Neotydd's Antique Weapon Emporium.
  2822 | D:3      | 2822 ||| SHOPLISTING slimy mace (168 gold, have 47).
  3165 | D:3      | 3165 ||| UPGRADING to ring of willpower.
  3166 | D:3      | 3166 ||| READING scroll labelled KYVONINLIPTUCH.
  3167 | D:3      | 3167 ||| READING scroll labelled ZITOJI BECRUYV.
  3391 | D:4      | 3391 ||| Stepping ~*~*~tactically~*~*~ (stealth).
  3424 | D:4      | 3424 ||| Stepping ~*~*~tactically~*~*~ (hiding).
  3616 | D:4      | Found a bloodstained altar of Trog.
  4055 | D:4      | 4055 ||| READING scroll labelled KEFEZO QOITT.
  4056 | D:4      | 4056 ||| READING scroll labelled FAR VYP VUKEA.
  4057 | D:4      | 4057 ||| READING scroll labelled JAMIRO YZOADGH.
  4087 | D:5      | Entered Level 5 of the Dungeon
  4142 | D:5      | Found a shimmering altar of Xom.
  4151 | D:5      | Found a glowing golden altar of the Shining One.
  4155 | D:5      | Found a sparkling altar of Nemelex Xobeh.
  4175 | D:5      | 4175 ||| INVOKING Berserk.
  4182 | D:5      | HP: 8/57 [centaur/arrow (7)]
  4185 | D:5      | HP: 3/38 [centaur (3)]
  4185 | D:5      | Slain by a centaur

Levels and vault maps discovered:
D:1:      dpeg_arrival_radiant, layout_loops_ring,
          shapermc_ecumenical_altar_mp_urbaneastern, hex_medium
D:2:      wander_river, layout_loops_cross, serial_undead, serial_undead_e,
          serial_undead_b, serial_undead_b, serial_undead_c, serial_undead_e,
          serial_undead_a, uniq_natasha
D:3:      layout_basic, serial_shops, nicolae_shop_trees, kennysheep_minor_cross
D:4:      layout_loops_ring, lemuel_doored_altar, hangedman_decor_slide_cut
D:5:      layout_cave_pools, nicolae_overflow_hidden_temple, minitemple,
          grunt_gozag_statues, minmay_temple_entry_wispy, serial_shops,
          nicolae_shop_advertising_works [nicolae_subvault_shop_adworks],
          uniq_blork_the_orc

Skill      XL: |  1  2  3  4  5 |
---------------+----------------+-----
Axes           | 3 4 5 |  5.8
Armour         | 3 |  3.0
Fighting       | 4 |  4.1
Dodging        | |  1.5

Action                   |  1- 3 |  4- 6 || total
-------------------------+-------+-------++-------
Melee: Hand axe          |    86 |    48 ||   134
       War axe           |       |    57 ||    57
Invok: Berserk           |     1 |     4 ||     5
  Use: Scroll            |     3 |     6 ||     9
       Potion            |     1 |     1 ||     2
Armor: Animal skin       |    29 |       ||    29
       Plate armour      |    19 |    59 ||    78
Dodge: Dodged            |    42 |    44 ||    86

Table legend:
 A = Non-vault XP
 B = Vault XP
 C = Vault XP percentage of total XP
 D = Non-vault monster count
 E = Vault monster count
 F = Vault count percentage of total count
                 A         B        C        D         E       F
            +---------+---------+-------+---------+---------+-------
      Total |     380 |      90 |  19.1 |      69 |      14 |  16.9
            +---------+---------+-------+---------+---------+-------
        D:1 |      32 |       0 |   0.0 |      17 |       0 |   0.0
        D:2 |     120 |      90 |  42.9 |      23 |      14 |  37.8
        D:3 |      82 |       0 |   0.0 |      18 |       0 |   0.0
        D:4 |      45 |       0 |   0.0 |       8 |       0 |   0.0
        D:5 |     101 |       0 |   0.0 |       3 |       0 |   0.0
            +---------+---------+-------+---------+---------+-------
